 Dungeon Crawl Stone Soup version 0.19-a0-1007-g133f65f (webtiles) character file.

23242 Implojin the Grappler (level 12, -1/132 HPs)
             Began as a Troll Fighter on July 20, 2016.
             Was a High Priest of Okawaru.
             Engulfed by a cloud of spectral mist (5 damage)
             ... on level 2 of the Swamp.
             The game lasted 00:31:37 (3550 turns).

Implojin the Grappler (Troll Fighter)               Turns: 3550, Time: 00:31:37

Health: -1/132     AC:  7    Str: 27    XL:     12   Next: 70%
Magic:  12/13      EV: 17    Int:  4    God:    Okawaru [*****.]
Gold:   111        SH: 15    Dex: 13    Spells: 2 memorised, 9 levels left

rFire  . . .     SeeInvis .       - Unarmed
rCold  + . .     Gourm    +     s - +2 robe {rC+}
rNeg   . . .     Faith    .     b - +0 shield
rPois  .         Spirit   .     (helmet restricted)
rElec  .         Dismiss  .     (no cloak)
rCorr  .         Reflect  +     (gloves unavailable)
SustAt .         Harm     .     (boots unavailable)
MR     .....                    p - +3 amulet of reflection
Stlth  ++........               (no ring)
                                e - ring of flight

@: heroism, finesse, not resistant to hostile enchantments, unstealthy
A: unfitting armour, claws 3, fast metabolism 3, gourmand, regeneration 2,
shaggy fur 1, tough skin 2
a: Heroism, Finesse, Renounce Religion, Evoke Flight


You were on level 2 of the Swamp.
You worshipped Okawaru.
Okawaru was extremely pleased with you.
You were completely stuffed.

You visited 4 branches of the dungeon, and saw 20 of its levels.

You collected 223 gold pieces.
You spent 112 gold pieces at shops.

Inventory:

Hand Weapons
 q - a +0 morningstar
 t - a +0 flail
 D - a +0 whip of holy wrath
 E - a +3 flail of protection
Armour
 b - a +0 shield (worn)
 s - a +2 robe of cold resistance (worn)
Magical Staves
 G - an uncursed staff of cold
Jewellery
 e - a ring of flight (left claw)
 p - a +3 amulet of reflection (around neck)
 F - an uncursed amulet of magic regeneration
Wands
 n - a wand of slowing (33/48)
 y - a wand of flame (33/48)
 I - a wand of random effects (4/48)
Scrolls
 h - 2 scrolls of teleportation
 i - a scroll of remove curse
 w - a scroll of enchant armour
Potions
 v - a potion of magic
 B - a potion of lignification
 C - 2 potions of might
 J - a potion of degeneration {unknown}
Books
 g - a book of Enchantments

   Spells                             Type                      Level
   a - Cause Fear                     Hexes                        4
   b - Yara's Violent Unravelling     Hexes/Transmutation          5
   c - Silence                        Hexes/Air                    5
   d - Deflect Missiles               Charms/Air                   6
   e - Haste                          Charms                       6
   f - Discord                        Hexes                        8
 k - a book of Changes

   Spells                             Type                      Level
   a - Beastly Appendage              Transmutation                1
   b - Sticks to Snakes               Transmutation                2
   c - Spider Form                    Transmutation/Poison         3
   d - Ice Form                       Ice/Transmutation            4
   e - Blade Hands                    Transmutation                5
 l - a book of Dreams

   Spells                             Type                      Level
   a - Ensorcelled Hibernation        Hexes/Ice                    2
   b - Silence                        Hexes/Air                    5
   c - Darkness                       Hexes                        6
   d - Shadow Creatures               Summoning                    6
 m - a Young Poisoner's Handbook

   Spells                             Type                      Level
   a - Sting                          Conjuration/Poison           1
   b - Mephitic Cloud                 Conjuration/Poison/Air       3
   c - Olgreb's Toxic Radiance        Poison                       4
   d - Alistair's Intoxication        Transmutation/Poison         5
   e - Venom Bolt                     Conjuration/Poison           5
 A - a book of Callings

   Spells                             Type                      Level
   a - Summon Small Mammal            Summoning                    1
   b - Call Imp                       Summoning                    2
   c - Call Canine Familiar           Summoning                    3
   d - Summon Guardian Golem          Hexes/Summoning              3
   e - Summon Lightning Spire         Summoning/Air                4
   f - Summon Ice Beast               Ice/Summoning                4
Comestibles
 d - 7 bread rations
 f - a royal jelly
 o - 2 meat rations
 r - 2 fruits


   Skills:
 - Level 12.0(17.0) Fighting
 * Level 7.8(12.8) Dodging
 - Level 5.0(10.0) Shields
 - Level 12.0(17.0) Unarmed Combat
 - Level 3.7 Invocations


You had 9 spell levels left.
You knew the following spells:

 Your Spells              Type           Power        Failure   Level  Hunger
a - Beastly Appendage     Tmut           #.....       61%         1    ##.....
b - Summon Small Mammal   Summ           #...         61%         1    ##.....


Dungeon Overview and Level Annotations

Branches:
Dungeon (12/15)            Temple (1/1) D:7            Lair (5/6) D:8
  Swamp (2/4) Lair:4       Spider (0/4) Lair:4          Orc (0/2) D:9
  Slime: Lair:5-6

Altars:
Cheibriados
Dithmenos
Gozag
Hepliaklqana
Makhleb
Okawaru
Pakellas
Qazlal
Uskayaw
Vehumet
Yredelemnul

Shops:
D:5 ?(

Annotations:
D:5 ZappyNine's ghost, novice OgMo


Innate Abilities, Weirdness & Mutations

You are too large for most types of armour.
You have claws for hands.
Your metabolism is lightning-fast.
You like to eat raw meat.
You heal very quickly.
You are covered in fur. (AC +1)
You have very tough skin. (AC +2)


Message History

You are engulfed in spectral mist.
* * * LOW HITPOINT WARNING * * *
Unknown command.
You mangle the ghost crab!!
The ghost crab is almost destroyed.
You are engulfed in spectral mist.
* * * LOW HITPOINT WARNING * * *
Unknown command.
You eviscerate the ghost crab!!!
You destroy the ghost crab!
Okawaru accepts your kill.
The spectral alligator fades away!
The spectral swamp drake fades away!
You are engulfed in spectral mist.
* * * LOW HITPOINT WARNING * * *
Unknown command.
Okay, then.
You are engulfed in spectral mist.
* * * LOW HITPOINT WARNING * * *
Unknown command.
You are engulfed in spectral mist.
* * * LOW HITPOINT WARNING * * *
A shadow comes into view.
Unknown command.
Unknown command.
You are engulfed in spectral mist.
* * * LOW HITPOINT WARNING * * *
Unknown command.
Unknown command.
You are engulfed in spectral mist.
* * * LOW HITPOINT WARNING * * *
You block the shadow's attack.
Unknown command.
Unknown command.
You barely miss the shadow.
You are engulfed in spectral mist.
* * * LOW HITPOINT WARNING * * *
Unknown command.
You mangle the shadow!!
The shadow is almost destroyed.
You are engulfed in spectral mist.
You die...

≈≈≈.≈....≈≈≈..♣...≈♣ ♣.
.≈♣≈♣♣♣.♣♣≈≈≈..≈≈≈.♣ ♣.
.....♣♣..♣≈≈≈≈.≈≈≈.♣ ..
♣♣.
.≈≈≈.♣♣♣.....≈§≈≈≈.♣...
♣.≈ .≈≈≈.♣
♣.§≈≈§...≈...≈≈. ♣<
≈≈≈≈.♣ ♣..≈.≈§.§§.≈≈≈≈.
♣. ≈..≈h♣
♣♣...♣≈≈§♣≈.≈≈≈ ♣.
.♣..≈♣ ♣...♣♣♣♣W♣♣..≈t
♣. ♣≈..≈♣ ♣♣≈♣♣ ♣.♣@♣
.≈≈ ♣. ♣≈.♣.♣ ♣≈♣ ♣♣.♣♣
♣. ♣.♣ ♣♣♣ ♣♣


You could see a shadow.

Vanquished Creatures
  Jorgrun (Swamp:2)
  A hydra (Swamp:2)
  Fannar (Lair:3)
  A ghost crab (Swamp:2)
  2 tengu warriors (D:9)
  A spriggan (Swamp:2)
  2 hill giants (D:11)
  A deep elf mage (D:10)
  3 black mambas
  4 elephants (Lair:5)
  4 spiny frogs
  4 komodo dragons
  2 giant leeches
  Grinder (D:3)
  2 bog bodies (Swamp:2)
  3 slime creatures (Swamp:1)
  6 blink frogs (Lair:3)
  Sigmund (D:3)
  A redback (Lair:4)
  14 yaks
  A hippogriff (Lair:4)
  A hungry ghost (D:11)
  2 hogs
  A steam dragon (D:10)
  2 humans
  4 swamp worms
  4 water moccasins
  3 porcupines
  5 orc warriors
  A black bear (Lair:3)
  An ice beast (D:9)
  A wasp (Swamp:2)
  A phantom (D:10)
  8 wolves
  5 ogres
  4 crocodiles
  A big kobold (D:7)
  5 giant frogs
  A wyvern zombie (D:11)
  A scorpion (D:11)
  6 killer bees
  An electric eel (Lair:4)
  2 giant frog zombies
  4 hounds
  A quasit (D:9)
  A jelly (D:10)
  8 orc priests
  9 orc wizards
  3 iguanas
  4 worker ants
  A killer bee zombie (D:9)
  6 sheep
  A hound skeleton (D:9)
  A howler monkey skeleton (D:11)
  3 gnolls
  4 adders
  17 river rats
  A shadow imp (D:8)
  An ooze (D:4)
  2 adder skeletons (D:8)
  3 giant geckos
  38 orcs
  3 giant cockroaches
  A hobgoblin (D:3)
  8 kobolds
  A fungus (D:8)
237 creatures vanquished.

Vanquished Creatures (others)
  A fungus (Lair:4)
  A plant (Lair:3)
  A toadstool (D:11)
3 creatures vanquished.

Grand Total: 240 creatures vanquished

Notes
Turn   | Place    | Note
-------+----------+-------------------------------------------
     0 | D:1      | Implojin the Troll Fighter began the quest for the Orb.
     0 | D:1      | Reached XP level 1. HP: 22/22 MP: 0/0
   146 | D:3      | Noticed Grinder
   167 | D:3      | Paralysed by Grinder for 2 turns
   175 | D:3      | Killed Grinder
   175 | D:3      | Reached skill level 5 in Unarmed Combat
   175 | D:3      | Reached XP level 2. HP: 11/29 MP: 1/1
   175 | D:3      | Reached XP level 3. HP: 13/36 MP: 2/2
   175 | D:3      | Reached XP level 4. HP: 16/44 MP: 3/3
   175 | D:3      | Reached XP level 5. HP: 19/50 MP: 4/4
   201 | D:3      | Reached skill level 6 in Unarmed Combat
   265 | D:2      | Found a stormy altar of Qazlal.
   269 | D:2      | You fall through a shaft!
   269 | D:3      | Noticed Sigmund
   278 | D:3      | Killed Sigmund
   278 | D:3      | Reached skill level 7 in Unarmed Combat
   278 | D:3      | Reached XP level 6. HP: 37/59 MP: 5/5
   389 | D:5      | Entered Level 5 of the Dungeon
   397 | D:5      | Found Melia's Magic Scroll Emporium.
   435 | D:6      | Reached XP level 7. HP: 57/66 MP: 6/6
   470 | D:7      | Reached skill level 8 in Unarmed Combat
   666 | D:8      | Reached skill level 9 in Unarmed Combat
   744 | D:7      | Reached XP level 8. HP: 40/74 MP: 7/7
   842 | D:7      | Found an oddly glowing altar of Pakellas.
   942 | D:5      | Found Pogiv's Antique Weapon Shop.
   954 | D:5      | Found a hazy altar of Hepliaklqana.
  1029 | D:5      | Noticed ZappyNine's ghost (novice OgMo)
  1048 | D:5      | Bought a scroll of enchant armour for 112 gold pieces
  1082 | D:7      | Reached skill level 10 in Unarmed Combat
  1140 | D:7      | Found a staircase to the Ecumenical Temple.
  1150 | Temple   | Entered the Ecumenical Temple
  1166 | Temple   | Became a worshipper of Warmaster Okawaru
  1334 | D:10     | Entered Level 10 of the Dungeon
  1505 | D:11     | Reached skill level 11 in Unarmed Combat
  1509 | D:11     | Reached * piety under Okawaru
  1522 | D:11     | Reached XP level 9. HP: 36/80 MP: 5/8
  1530 | D:11     | Reached skill level 12 in Unarmed Combat
  1546 | D:11     | Reached skill level 3 in Fighting
  1573 | D:11     | Noticed a hill giant
  1581 | D:11     | Killed a hill giant
  1581 | D:11     | Reached ** piety under Okawaru
  1581 | D:11     | Reached skill level 3 in Invocations
  1639 | D:10     | Noticed a deep elf mage
  1645 | D:10     | Reached skill level 4 in Fighting
  1665 | D:11     | Noticed a hill giant
  1672 | D:11     | Killed a hill giant
  1672 | D:11     | Reached skill level 5 in Fighting
  1721 | D:11     | Reached XP level 10. HP: 94/98 MP: 8/11
  1726 | D:11     | Reached *** piety under Okawaru
  1726 | D:11     | Reached skill level 6 in Fighting
  1862 | D:10     | Killed a deep elf mage
  1909 | D:9      | Reached skill level 7 in Fighting
  2123 | D:9      | Reached skill level 8 in Fighting
  2194 | D:9      | Found a staircase to the Orcish Mines.
  2243 | D:9      | Noticed a tengu warrior
  2244 | D:9      | Noticed a tengu warrior
  2268 | D:9      | Killed a tengu warrior
  2268 | D:9      | Reached **** piety under Okawaru
  2268 | D:9      | Reached skill level 9 in Fighting
  2283 | D:9      | Killed a tengu warrior
  2301 | D:9      | Noticed a four-headed hydra
  2436 | D:8      | Found a staircase to the Lair.
  2456 | Lair:1   | Entered Level 1 of the Lair of Beasts
  2485 | Lair:2   | Reached XP level 11. HP: 75/117 MP: 10/12
  2545 | Lair:2   | Reached skill level 10 in Fighting
  2588 | Lair:3   | Reached ***** piety under Okawaru
  2798 | Lair:2   | Reached skill level 11 in Fighting
  2955 | Lair:5   | Reached skill level 12 in Fighting
  3004 | Lair:4   | Reached skill level 3 in Shields
  3061 | Lair:3   | Noticed Fannar
  3061 | Lair:3   | Reached skill level 4 in Shields
  3075 | Lair:3   | Killed Fannar
  3075 | Lair:3   | Received a gift from Okawaru
  3075 | Lair:3   | Reached XP level 12. HP: 34/132 MP: 9/13
  3132 | Lair:4   | HP: 5/198 [porcupine's spines (9)]
  3203 | Lair:4   | Reached skill level 5 in Shields
  3294 | Lair:4   | Found a hole to the Spider Nest.
  3298 | Lair:4   | Reached skill level 3 in Dodging
  3332 | Lair:4   | Found a staircase to the Swamp.
  3358 | Lair:4   | Learned a level 1 spell: Beastly Appendage
  3360 | Lair:4   | Learned a level 1 spell: Summon Small Mammal
  3361 | Swamp:1  | Entered Level 1 of the Swamp
  3381 | Swamp:1  | Reached skill level 4 in Dodging
  3428 | Swamp:2  | Noticed a seven-headed hydra
  3437 | Swamp:2  | Killed a seven-headed hydra
  3437 | Swamp:2  | Reached skill level 5 in Dodging
  3470 | Swamp:2  | HP: 4/132 [something (6)]
  3474 | Swamp:2  | Reached skill level 6 in Dodging
  3478 | Swamp:2  | Noticed Jorgrun
  3499 | Swamp:2  | Noticed a ghost crab
  3538 | Swamp:2  | Killed Jorgrun
  3538 | Swamp:2  | Reached skill level 7 in Dodging
  3544 | Swamp:2  | Killed a ghost crab
  3548 | Swamp:2  | HP: 6/132 [something (6)]
  3550 | Swamp:2  | Engulfed by a cloud of spectral mist

Vault maps used:
D:1:      minmay_arrival_glassed_features
D:2:      elyvilon_altar_5, grunt_qazlal_sundering
D:3:      uniq_grinder, uniq_sigmund, uniq_iyjb
D:4:      first_bread, serial_shops, kennysheep_mini
D:5:      basic_altar, serial_shops, shop,
          nicolae_shop_temple_entry_statues_fountains
D:6:      kennysheep_little_box
D:7:      lemuel_round_altar
D:8:      dpeg_oklobed_lair
D:9:      nemelex_xobeh_ov_fountains_minmay, erik_orc_4, serial_curves,
          eino_curves_04, eino_curves_02, serial_shops, nicolae_shop_crystal
D:11:     grunt_livestock, grunt_ministairs_7, roderic_batcave,
          minmay_statues_item, lasty_cornered_adventurer
D:12:     lab_entry_generic, serial_shops, nicolae_shop_waterfront,
          minmay_guarded_unrand_resistance, uniq_azrael, uniq_josephine
Temple:   regret_index_temple_mists
Lair:3:   forest_entry_grove, uniq_fannar
Lair:4:   nicolae_swamp_entry_splash_gauntlet, spider_nest_entry_a,
          grunt_megastairs_4, serial_bayou_shore_b
Lair:5:   enter_volcano_2, beast_lair_carwin_10
Swamp:1:  nicolae_swamp_little_tower, swamp_pool5, infiniplex_staircase_pool
Swamp:2:  serial_swamp_ruin, hangedman_swamp_ruin_wall,
          evilmike_swamp_ruin_house_6, swamp_pool4, uniq_jorgrun, uniq_kirke

Skill      XL: |  1  2  3  4  5  6  7  8  9 10 11 12 |
---------------+-------------------------------------+-----
Unarmed Combat | 5 7 9 11 12 | 12.0
Fighting       | 5 9 12 | 12.0
Invocations    | 3 |  3.7
Shields        | 4 5 |  5.0
Dodging        | 7 |  7.8

Action                   |  1- 3 |  4- 6 |  7- 9 | 10-12 || total
-------------------------+-------+-------+-------+-------++-------
Melee: Unarmed           |    17 |    26 |   207 |   472 ||   722
Throw: Tomahawk          |       |       |     2 |     7 ||     9
Invok: Heroism           |       |       |     7 |    44 ||    51
       Finesse           |       |       |       |     3 ||     3
Evoke: Wand              |       |       |       |     8 ||     8
  Use: Scroll            |       |     2 |     5 |    14 ||    21
       Potion            |       |       |     2 |    11 ||    13
 Stab: Sleeping          |       |       |     1 |       ||     1
  Eat: Chunk             |       |     8 |    12 |    18 ||    38
Armor: Robe              |     4 |     3 |    30 |    47 ||    84
       Skin              |       |       |       |    16 ||    16
Dodge: Dodged            |     3 |     6 |    51 |   159 ||   219
Block: Shield            |     9 |     8 |    72 |   272 ||   361

Table legend:
 A = Turns spent in this place as a percentage of turns spent in the entire game.
 B = Non-inter-level travel turns spent in this place as a percentage of non-inter-level travel turns spent in the entire game.
 C = Inter-level travel turns spent in this place as a percentage of turns spent in this place.
 D = Turns resting spent in this place as a percentage of non-inter-level travel turns spent in this place.
 E = Turns spent auto-exploring this place as a percentage of non-inter-level travel turns spent in this place.
 F = Non-inter-level travel turns spent in this place divided by the number of levels of this place that you've seen.
                   A       B       C       D       E      F
               +-------+-------+-------+-------+-------+----------------------
         Total | 100.0 | 100.0 |   0.0 |   0.4 |   0.0 | 184.8
       Dungeon |  67.4 |  67.4 |   0.0 |   0.2 |   0.0 | 207.5
        Temple |   0.9 |   0.9 |   0.0 |   0.0 |   0.0 |  32.0
          Lair |  25.4 |  25.4 |   0.0 |   0.5 |   0.0 | 187.8
         Swamp |   6.4 |   6.4 |   0.0 |   2.1 |   0.0 | 117.5
               +-------+-------+-------+-------+-------+----------------------

Table legend:
 A = Kills in this place as a percentage of kills in entire the game.
 B = Kills by you in this place as a percentage of kills by you in the entire game.
 C = Kills by friends in this place as a percentage of kills by friends in the entire game.
 D = Other kills in this place as a percentage of other kills in the entire game.
 E = Experience gained in this place as a percentage of experience gained in the entire game.
 F = Experience gained in this place divided by the number of levels of this place that you have seen.
                   A       B       C       D       E      F
               +-------+-------+-------+-------+-------+----------------------
         Total | 100.0 | 100.0 |  -nan |  -nan | 100.0 | 1660.2
       Dungeon |  61.0 |  61.0 |  -nan |  -nan |  32.3 | 892.8
          Lair |  32.2 |  32.2 |  -nan |  -nan |  40.6 | 2697.2
         Swamp |   6.8 |   6.8 |  -nan |  -nan |  27.1 | 4502.0
               +-------+-------+-------+-------+-------+----------------------
